 Dungeon Crawl Stone Soup version 0.28.0-62-gf88900778d (webtiles) character file.

Game seed: 3001412627820794819

15131 cbfl8 the Protected (level 11, 0/86 HPs)
             Began as a Demonspawn Berserker on June 16, 2023.
             Was an Elder of Trog.
             Slain by an eight-headed hydra (4 damage)
             ... on level 11 of the Dungeon.
             The game lasted 00:24:28 (12041 turns).

cbfl8 the Protected (Demonspawn Berserker)         Turns: 12041, Time: 00:24:29

Health: 0/86       AC: 11    Str: 25    XL:     11   Next: 97%
Magic:  11/11      EV: 10    Int: 10    God:    Trog [****..]
Gold:   606        SH:  0    Dex: 14    Spells: 10/10 levels left

rFire   . . .      SeeInvis .   a - +0 hand axe
rCold   + . .      Faith    .   (no shield)
rNeg    . . .      Spirit   .   j - +0 chain mail
rPois   .          Reflect  .   (helmet restricted)
rElec   .          Harm     .   y - scarf {repulsion}
rCorr   .          Rampage  .   (no gloves)
Will    .....                   (no boots)
Stlth   ..........              q - amulet of regeneration
HPRegen 1.04/turn               D - ring of protection from cold
MPRegen 0.12/turn               f - +6 ring of strength

@: repel missiles
A: antennae 2, hooves 1, powered by pain 2, demonic magic 1, weakness stinger 1
a: Renounce Religion, Berserk, Trog's Hand, Brothers in Arms


You were on level 11 of the Dungeon.
You worshipped Trog.
Trog was greatly pleased with you.
You visited 1 branch of the dungeon, and saw 11 of its levels.
You also visited: Ossuary.

You collected 606 gold pieces.

Inventory:

Hand Weapons
 a - a +0 hand axe (weapon)
Armour
 j - a +0 chain mail (worn)
 p - a scarf of invisibility
 y - a scarf of repulsion (worn)
Jewellery
 f - a +6 ring of strength (right hand)
 h - a ring of willpower
 q - an amulet of regeneration (around neck)
 D - a ring of protection from cold (left hand)
Wands
 i - a wand of iceblast (26)
 r - a wand of mindburst (5) (quivered)
 w - a wand of acid (3)
 A - a wand of paralysis (12)
 H - a wand of digging (8)
 I - a wand of flame (6)
Scrolls
 b - 3 scrolls of fear
 t - 4 scrolls of noise
 u - a scroll of enchant weapon
 v - 3 scrolls of enchant armour
 C - a scroll of immolation
 E - 2 scrolls of fog
 G - 3 scrolls of magic mapping
Potions
 c - 5 potions of heal wounds
 d - 11 potions of curing
 e - a potion of berserk rage {unknown}
 g - a potion of haste {unknown}
 l - 3 potions of ambrosia {unknown}
 m - 4 potions of lignification
 n - 2 potions of cancellation {unknown}
 o - 2 potions of flight {unknown}
 s - 5 potions of mutation
 x - a potion of resistance
 z - a potion of degeneration {unknown}
 B - a potion of invisibility {unknown}


   Skills:
 + Level 8.1 Fighting
 + Level 9.9 Axes
 + Level 10.1 Armour
 + Level 4.8 Dodging
 + Level 2.4 Stealth
 * Level 8.8 Evocations


You had 10 spell levels left.
You didn't know any spells.
Your spell library was empty.

Dungeon Overview and Level Annotations

Branches:
Dungeon (11/15)            Temple (0/1) D:5            Lair (0/6) D:10
    Orc (0/2) D:10        Ossuary (visited)

Altars:
Uskayaw
Vehumet
Xom
Yredelemnul

Shops:
D:10 [

Annotations:
D:5 exclusion: oklob sapling


Innate Abilities, Weirdness & Mutations

You have a pair of antennae on your head.
You have large cloven feet.
You sometimes gain power by taking damage.
Spells you cast may paralyse adjacent enemies.
You have a small tail.


Message History

k - 3 potions of magic
As you read the scroll of identify, it crumbles to dust.
s - 5 potions of mutation You drop 3 potions of magic.
There is a stone staircase leading down here.
You climb downwards.
The eight-headed hydra roars!
You hear a shout!
A troll comes into view.
Found a stone staircase leading down.
There is a stone staircase leading up here.
There are monsters nearby!
You climb upwards.
There is a stone staircase leading down here.
Okay, then.
Welcome back, cbfl8 the Demonspawn Berserker.
Trog says: Kill them all!
Press ? for a list of commands and other information.
Done exploring.
No target in view!
Done exploring.
No target in view!
Unknown command.
You climb downwards.
The eight-headed hydra bites you! x2
The eight-headed hydra bites you. The eight-headed hydra bites you!
The eight-headed hydra bites you but does no damage.
The eight-headed hydra barely misses you. x2
The eight-headed hydra bites you!
There is a stone staircase leading up, spattered with blood here.
The troll closely misses you. The troll claws you! x2
The eight-headed hydra bites you but does no damage.
The eight-headed hydra bites you!
* * * LOW HITPOINT WARNING * * *
The eight-headed hydra bites you!
* * * LOW HITPOINT WARNING * * *
The eight-headed hydra completely misses you.
The eight-headed hydra bites you but does no damage.
The eight-headed hydra bites you.
* * * LOW HITPOINT WARNING * * *
The eight-headed hydra bites you.
You die...

## ##### .
#>.. . #...
#. #..#
####.##..###
...........#
......D....#
......T@...#
#####...####
# #####
###..#
......
.....>
.....#
###..# # #


You could see an eight-headed hydra and a troll.

Vanquished Creatures
  A two-headed ogre (D:10)
  Erica (D:10)
  A centaur warrior (D:8)
  Pikel (D:5)
  A deep elf pyromancer (D:10)
  Maurice (D:8)
  An elephant (D:10)
  Joseph (D:7)
  Psyche (D:9)
  2 unseen horrors (D:10)
  Maggie (D:7)
  A kobold demonologist (D:7)
  3 trolls
  A hornet (D:8)
  Eustachio (D:5)
  13 yaks
  5 wraiths
  A wyvern (D:7)
  2 steam dragons
  A basilisk (D:10)
  Edmund (D:5)
  2 acid dragons
  9 water moccasins
  7 orc warriors
  A black bear (D:10)
  2 ice beasts (D:7)
  4 necrophages (D:6)
  2 sky beasts
  An ogre (D:6)
  6 centaurs
  4 kobold brigands
  A wyvern zombie (D:6)
  2 bullfrogs
  A gnoll sergeant (D:8)
  4 scorpions
  2 water moccasin zombies (D:6)
  A water moccasin skeleton (D:6)
  8 killer bees
  A wight (D:7)
  8 howler monkeys
  3 bullfrog zombies (D:6)
  A human zombie (D:6)
  A centaur zombie (D:8)
  8 orc priests
  A centaur skeleton (D:7)
  3 hounds
  4 iguanas
  6 orc wizards
  3 killer bee zombies
  A hound skeleton (D:4)
  16 mummies
  2 howler monkey zombies
  3 adders
  2 shadow imps
  An ufetubus (D:5)
  3 worms
  A dart slug (D:3)
  24 orcs
  10 ball pythons
  7 endoplasms
  4 giant cockroaches
  A goblin (D:3)
  5 hobgoblins
  A quokka (D:1)
  4 bats
  4 frilled lizards
  2 gnoll skeletons (Ossuary)
  3 goblin skeletons (Ossuary)
  13 kobolds
  3 kobold skeletons (Ossuary)
  3 rats
  11 rat skeletons (Ossuary)
261 creatures vanquished.

Notes
Turn   | Place    | Note
-------+----------+-------------------------------------------
     0 | D:1      | cbfl8 the Demonspawn Berserker began the quest for the Orb.
     0 | D:1      | Reached XP level 1. HP: 18/18 MP: 1/1
    35 | D:1      | Found a faded altar of an unknown god.
   374 | D:1      | Discovered your monstrous ancestry.
   374 | D:1      | Gained mutation: You have a pair of small antennae on your
                  | head. [demonic ancestry]
   374 | D:1      | Reached XP level 2. HP: 24/24 MP: 2/2
  1353 | D:2      | Reached XP level 3. HP: 23/29 MP: 3/3
  2026 | D:3      | Reached ** piety under Trog
  2047 | D:3      | Reached skill level 1 in Evocations
  3159 | D:4      | Reached skill level 2 in Armour
  3159 | D:4      | Reached XP level 4. HP: 11/35 MP: 4/4
  3538 | D:4      | Gained mutation: You have a small tail. [demonic ancestry]
  3538 | D:4      | Reached XP level 5. HP: 24/41 MP: 5/5
  4463 | D:5      | Entered Level 5 of the Dungeon
  4512 | D:5      | Found a staircase to the Ecumenical Temple.
  4569 | D:5      | Reached skill level 3 in Armour
  4571 | D:5      | Gained mutation: You have large cloven feet. [demonic
                  | ancestry]
  4571 | D:5      | Reached XP level 6. HP: 36/48 MP: 6/6
  4671 | D:5      | Noticed Edmund
  4680 | D:5      | Killed Edmund
  4681 | D:5      | Reached skill level 1 in Stealth
  4814 | D:5      | Noticed Pikel
  4839 | D:5      | Killed Pikel
  4840 | D:5      | Reached skill level 4 in Armour
  4840 | D:5      | Gained mutation: You sometimes gain a little power by
                  | taking damage. [demonic ancestry]
  4840 | D:5      | Reached XP level 7. HP: 29/54 MP: 7/7
  4902 | D:5      | Noticed Eustachio
  4908 | D:5      | Killed Eustachio
  4909 | D:5      | Reached skill level 5 in Axes
  4909 | D:5      | Gained mutation: You sometimes gain power by taking damage.
                  | [demonic ancestry]
  4909 | D:5      | Reached XP level 8. HP: 61/61 MP: 8/8
  5177 | D:5      | Reached skill level 5 in Armour
  5728 | D:6      | Reached skill level 5 in Fighting
  5792 | D:6      | Gained mutation: Spells you cast may paralyse adjacent
                  | enemies. [demonic ancestry]
  5792 | D:6      | Reached XP level 9. HP: 62/68 MP: 9/9
  5841 | D:6      | Reached skill level 5 in Evocations
  6091 | D:6      | Reached skill level 6 in Armour
  6140 | D:6      | Found a basalt altar of Yredelemnul.
  6198 | D:6      | Reached *** piety under Trog
  6559 | D:7      | Noticed Maggie
  6571 | D:7      | Killed Maggie
  6575 | D:7      | Found a sand-covered staircase.
  6594 | Ossuary  | Entered an ossuary
  7070 | D:7      | Found a radiant altar of Vehumet.
  7200 | D:6      | Reached **** piety under Trog
  7257 | D:7      | Noticed Joseph
  7269 | D:7      | Killed Joseph
  7276 | D:7      | Reached XP level 10. HP: 63/76 MP: 10/10
  7485 | D:7      | Reached skill level 7 in Armour
  8206 | D:7      | Gained mutation: You have a pair of antennae on your head.
                  | [a neqoxec]
  8786 | D:8      | Reached skill level 8 in Armour
  8968 | D:8      | Noticed a centaur warrior
  8979 | D:8      | Killed a centaur warrior
  8980 | D:8      | Reached XP level 11. HP: 54/84 MP: 11/11
  8987 | D:8      | Noticed Maurice
  9183 | D:8      | Killed Maurice
  9886 | D:9      | Noticed Psyche
  9901 | D:9      | Killed Psyche
  9902 | D:9      | Reached skill level 9 in Armour
 10564 | D:10     | Entered Level 10 of the Dungeon
 10590 | D:10     | Noticed Erica
 10601 | D:10     | Killed Erica
 10799 | D:10     | Found Domeo's Armour Shop.
 10799 | D:10     | Found a staircase to the Orcish Mines.
 10799 | D:10     | Noticed a two-headed ogre
 11155 | D:10     | Killed a two-headed ogre
 11318 | D:10     | Noticed a deep elf pyromancer
 11320 | D:10     | Found a staircase to the Lair.
 11335 | D:10     | Killed a deep elf pyromancer
 11336 | D:10     | Reached skill level 10 in Armour
 11630 | D:10     | Found a hide-covered altar of Uskayaw.
 11674 | D:10     | Found a shimmering altar of Xom.
 12036 | D:11     | Noticed an eight-headed hydra
 12041 | D:11     | HP: 4/86 [eight-headed hydra (5)]
 12041 | D:11     | Slain by an eight-headed hydra

Illustrated notes

Levels and vault maps discovered:
D:1:      dpeg_arrival_rooms_b, layout_basic, hellmonk_ecumenical_altar_run_dry
D:2:      layout_basic, kennysheep_nondescript, kennysheep_cross_room
D:3:      layout_loops_cross
D:4:      layout_cave_pods
D:5:      layout_basic, minmay_temple_entry_oklob, uniq_pikel, uniq_eustachio,
          uniq_edmund
D:6:      layout_loops_ring, lemuel_mausoleum_altar_yredelemnul,
          minmay_fractal_squares_5
D:7:      layout_cave_pools, nicolae_vehumet_altar_sigil,
          nicolae_ossuary_entry_ruins, minmay_between, uniq_maggie, uniq_joseph
D:8:      cheibrodos_ideogram_h, layout_cave_pools, uniq_maurice
D:9:      layout_big_octagon, uniq_psyche
D:10:     layout_basic, mainiacjoe_overflow_catch_the_wave, david_lair_generic,
          orc_david_3, uniq_erica
D:11:     layout_gridville, nicolae_ru_sacrificial_ziggurat

Skill      XL: |  1  2  3  4  5  6  7  8  9 10 11 |
---------------+----------------------------------+-----
Axes           | 3 4 5 6 7 8 9 |  9.9
Dodging        | 2 3 4 |  4.8
Evocations     | 1 2 3 4 6 7 8 |  8.8
Armour         | 2 3 4 5 6 8 10 | 10.1
Stealth        | 1 2 |  2.4
Fighting       | 4 5 6 7 8 |  8.1

Action                   |  1- 3 |  4- 6 |  7- 9 | 10-12 || total
-------------------------+-------+-------+-------+-------++-------
Melee: Hand axe          |   140 |    95 |   406 |   604 ||  1245
       Punch             |     1 |     1 |     6 |    10 ||    18
       Tailslap          |       |    11 |    54 |   102 ||   167
       Kick              |       |     4 |   153 |   188 ||   345
Invok: Berserk           |       |     4 |     3 |    11 ||    18
       Trog's Hand       |       |       |     3 |     4 ||     7
Evoke: Wand              |       |       |    16 |    11 ||    27
  Use: Scroll            |       |     3 |     6 |    12 ||    21
Armor: Animal skin       |    10 |       |       |       ||    10
       Ring mail         |    23 |    36 |       |       ||    59
       Scale mail        |       |     1 |   110 |       ||   111
       Chain mail        |       |       |       |   349 ||   349
Dodge: Dodged            |    85 |    63 |   183 |   420 ||   751
       Repelled          |       |       |       |     1 ||     1
